 Dungeon Crawl Stone Soup version 0.27-a0-590-g94244163b4 (webtiles) character file.

Game seed: 15577899609086749741

1072 funkygono the Shield-Bearer (level 8, -4/67 HPs)
             Began as a Gnoll Fighter on Mar 10, 2021.
             Slain by an ice beast (9 damage)
             ... on level 4 of the Dungeon.
             The game lasted 00:10:09 (4619 turns).

funkygono the Shield-Bearer (Gnoll Fighter)         Turns: 4619, Time: 00:10:09

Health: -4/67      AC: 10    Str: 15    XL:     8   Next: 28%
Magic:  12/12      EV: 10    Int: 11    God:
Gold:   233        SH:  0    Dex: 11    Spells: 12/13 levels left

rFire    + . .     SeeInvis .   g - +3 quarterstaff (chaos)
rCold    . . .     Faith    .   (shield currently unavailable)
rNeg     . . .     Spirit   .   b - +0 scale mail
rPois    .         Reflect  .   (no helmet)
rElec    .         Harm     .   h - +0 cloak
rCorr    .         Rampage  .   (no gloves)
Will     .....                  o - +0 pair of boots
Stlth    +.........             (no amulet)
HPRegen  0.21/turn              t - ring of protection from fire
MPRegen  0.13/turn              (no ring)

@: no status effects
A: fangs 1, strong nose, distributed training
a: no special abilities


You were on level 4 of the Dungeon.
You visited 1 branch of the dungeon, and saw 4 of its levels.
You also visited: Ossuary.

You collected 233 gold pieces.

Inventory:

Hand Weapons
 a - a +0 flail
 g - a +3 quarterstaff of chaos (weapon)
 i - a +2 mace of draining
Armour
 b - a +0 scale mail (worn)
 c - a +1 kite shield
 h - a +0 cloak (worn)
 o - a +0 pair of boots (worn)
Jewellery
 t - a ring of protection from fire (right hand)
Wands
 f - a wand of polymorph (11) (quivered)
Scrolls
 d - 2 scrolls of noise {unknown}
 l - 4 scrolls of enchant armour
 n - 5 scrolls of teleportation
 p - a scroll of magic mapping
Potions
 e - a potion of brilliance
 j - 3 potions of mutation
 k - 3 potions of haste
 m - 2 potions of curing {unknown}
 q - a potion of attraction {unknown}
 r - a potion of lignification {unknown}
 s - a potion of berserk rage {unknown}


   Skills:
 + Level 7.3 Fighting
 + Level 3.1 Short Blades
 + Level 3.1 Long Blades
 + Level 3.1 Axes
 + Level 5.6 Maces & Flails
 + Level 3.1 Polearms
 + Level 3.1 Staves
 + Level 3.1 Slings
 + Level 3.1 Bows
 + Level 3.1 Crossbows
 + Level 3.1 Throwing
 + Level 7.3 Armour
 + Level 3.1 Dodging
 + Level 3.1 Stealth
 + Level 7.3 Shields
 + Level 3.1 Unarmed Combat
 + Level 3.1 Spellcasting
 + Level 2.5 Conjurations
 + Level 2.5 Hexes
 + Level 2.5 Summonings
 + Level 2.5 Necromancy
 + Level 2.5 Translocations
 + Level 2.5 Transmutations
 + Level 2.5 Fire Magic
 + Level 2.5 Ice Magic
 + Level 2.5 Air Magic
 + Level 2.5 Earth Magic
 + Level 2.5 Poison Magic
 + Level 3.4 Invocations
 + Level 3.1 Evocations


You had 12 spell levels left.
You knew the following spells:

 Your Spells              Type           Power      Damage    Failure   Level
a - Pain                  Necr           28%        1d5       30%         1

Your spell library contained the following spells:

 Spells                   Type           Power      Damage    Failure   Level
 Animate Skeleton         Necr           14%        N/A       30%         1
 Vampiric Draining        Necr           3%         2d6       65%         3
 Animate Dead             Necr           3%         N/A       96%         4
 Agony                    Necr           7%         N/A       100%        5


Dungeon Overview and Level Annotations

Branches:
Dungeon (4/15)            Ossuary (visited)
 Temple: D:4-7

Altars:
Hepliaklqana
The Shining One


Innate Abilities, Weirdness & Mutations

You have very sharp teeth.
Your uncanny sense of smell can sniff out nearby items.
Your experience applies equally to all skills.


Message History

Aim: an ice beast (chance to affect: 53%)
The ice beast resists with significant effort.
Your scale mail prevents you from hitting the ice beast.
The ice beast barely misses you.
You barely miss the ice beast. The ice beast misses you.
The ice beast closely misses you.
You hit the ice beast.
The ice beast goes berserk!
Your bite misses the ice beast.
The ice beast is lightly wounded.
The howler monkey hoots and howls with incredible vigour!
The ice beast barely misses you.
You completely miss the ice beast.
The ice beast is lightly wounded.
The ice beast hits you. The ice beast freezes you! The ice beast misses you.
You hit the ice beast.
The ice beast seems to speed up.
The ice beast is moderately wounded.
The ice beast hits you but does no damage.
The ice beast hits you. The ice beast freezes you!
You hit the ice beast.
You melt the ice beast.
The ice beast is moderately wounded.
The ice beast hits you. The ice beast freezes you!
You sock the ice beast!
The ice beast is heavily wounded.
The ice beast hits you. The ice beast freezes you!
* * * LOW HITPOINT WARNING * * *
The ice beast hits you but does no damage.
You closely miss the ice beast.
The ice beast is heavily wounded.
The ice beast hits you but does no damage.
The ice beast hits you.
* * * LOW HITPOINT WARNING * * *
The ice beast freezes you!
* * * LOW HITPOINT WARNING * * *
The ice beast completely misses you. The ice beast barely misses you.
The howler monkey hoots and howls with incredible vigour!
The ice beast hits you.
* * * LOW HITPOINT WARNING * * *
The ice beast freezes you!
You die...

..##!)... ######.#########...#.
..##..... #>.......##........).
..##..... #.####.#.##.#########
..##..... #.# #.#....# .<##.....
#.# #.###### .###.....####.#
#.############## .#
#....#.####...............
.##########.#.#.....###.#########
.............h.Y@........#<#.#
............#.##...####..#.#.#
###########........(.[.....#.####
#..#............#.......
##.#####.#######.#.######
.......).†.......#.#
###.####...#......#.# ∆ #.
#.........##.#.# #.##.##.#.##.#.#


You could see an ice beast (berserk, fast) and a howler monkey (catching
breath).

Vanquished Creatures
  Sigmund (D:2)
  A black bear (D:2)
  2 ogres (D:4)
  3 elf zombies (Ossuary)
  A scorpion (D:4)
  A centaur zombie (Ossuary)
  A hound (D:4)
  Crazy Yiuf (D:2)
  4 orc wizards
  2 mummies (Ossuary)
  3 adders (D:3)
  2 oozes
  An adder zombie (Ossuary)
  2 worms
  2 dart slugs
  2 leopard geckos
  20 orcs
  5 bats
  5 giant cockroaches
  10 goblins
  9 hobgoblins
  6 jackals
  6 kobolds
  3 quokkas
  2 ball pythons (D:2)
  7 frilled lizards
  A goblin zombie (Ossuary)
  7 hobgoblin zombies (Ossuary)
  2 jackal zombies (Ossuary)
  11 kobold zombies (Ossuary)
  10 orc zombies (Ossuary)
  A quokka skeleton (D:4)
  10 rats
  A rat zombie (Ossuary)
145 creatures vanquished.

Vanquished Creatures (others)
  3 plants (D:3)
3 creatures vanquished.

Grand Total: 148 creatures vanquished

Notes
Turn   | Place    | Note
-------+----------+-------------------------------------------
     0 | D:1      | funkygono the Gnoll Fighter began the quest for the Orb.
     0 | D:1      | Reached XP level 1. HP: 23/23 MP: 1/1
   326 | D:1      | Reached XP level 2. HP: 29/29 MP: 2/2
   621 | D:2      | Noticed Sigmund
   652 | D:1      | Reached XP level 3. HP: 27/35 MP: 3/3
   763 | D:2      | Found a runed translucent door.
   764 | D:2      | Noticed Crazy Yiuf
   770 | D:2      | Killed Crazy Yiuf
   771 | D:2      | Reached skill level 1 in Short Blades
   771 | D:2      | Reached skill level 1 in Long Blades
   771 | D:2      | Reached skill level 1 in Axes
   771 | D:2      | Reached skill level 1 in Polearms
   771 | D:2      | Reached skill level 1 in Staves
   771 | D:2      | Reached skill level 1 in Slings
   771 | D:2      | Reached skill level 1 in Bows
   771 | D:2      | Reached skill level 1 in Crossbows
   771 | D:2      | Reached skill level 1 in Throwing
   771 | D:2      | Reached skill level 1 in Dodging
   771 | D:2      | Reached skill level 1 in Stealth
   771 | D:2      | Reached skill level 1 in Unarmed Combat
   771 | D:2      | Reached skill level 1 in Spellcasting
   771 | D:2      | Reached skill level 1 in Invocations
   771 | D:2      | Reached skill level 1 in Evocations
  1042 | D:2      | Reached XP level 4. HP: 40/41 MP: 5/5
  1230 | D:2      | Killed Sigmund
  1231 | D:2      | Reached skill level 1 in Conjurations
  1231 | D:2      | Reached skill level 1 in Hexes
  1231 | D:2      | Reached skill level 1 in Summonings
  1231 | D:2      | Reached skill level 1 in Necromancy
  1231 | D:2      | Reached skill level 1 in Translocations
  1231 | D:2      | Reached skill level 1 in Transmutations
  1231 | D:2      | Reached skill level 1 in Fire Magic
  1231 | D:2      | Reached skill level 1 in Ice Magic
  1231 | D:2      | Reached skill level 1 in Air Magic
  1231 | D:2      | Reached skill level 1 in Earth Magic
  1231 | D:2      | Reached skill level 1 in Poison Magic
  1231 | D:2      | Reached XP level 5. HP: 37/47 MP: 5/7
  1231 | D:2      | Reached XP level 6. HP: 41/53 MP: 5/8
  1556 | D:2      | Noticed a black bear
  1563 | D:2      | Killed a black bear
  1564 | D:2      | Reached skill level 5 in Maces & Flails
  1681 | D:3      | Learned a level 1 spell: Pain
  2994 | D:4      | Reached XP level 7. HP: 53/59 MP: 10/10
  3114 | D:4      | Found a sand-covered staircase.
  3160 | Ossuary  | Entered an ossuary
  3769 | Ossuary  | Reached XP level 8. HP: 34/67 MP: 12/12
  4058 | D:4      | Found a glowing golden altar of the Shining One.
  4185 | D:4      | Found a hazy altar of Hepliaklqana.
  4619 | D:4      | Slain by an ice beast

Illustrated notes

Levels and vault maps discovered:
D:1:      elethiomel_arrival_fortress_basement, layout_basic,
          grunt_decor_mini_mirrors
D:2:      layout_rooms, uniq_crazy_yiuf_cottage, uniq_sigmund
D:3:      layout_loops_ring, serial_bayou_lake_a
D:4:      layout_basic, tso_altar, nicolae_hepliaklqana_hazy_memory,
          nicolae_ossuary_entry_false_entrances, corexii_corridor_pit

Skill      XL: |  1  2  3  4  5  6  7  8 |
---------------+-------------------------+-----
Short Blades   | 1 2 3 |  3.1
Long Blades    | 1 2 3 |  3.1
Axes           | 1 2 3 |  3.1
Polearms       | 1 2 3 |  3.1
Staves         | 1 2 3 |  3.1
Slings         | 1 2 3 |  3.1
Bows           | 1 2 3 |  3.1
Crossbows      | 1 2 3 |  3.1
Throwing       | 1 2 3 |  3.1
Dodging        | 1 2 3 |  3.1
Stealth        | 1 2 3 |  3.1
Unarmed Combat | 1 2 3 |  3.1
Spellcasting   | 1 2 3 |  3.1
Invocations    | 1 2 3 |  3.4
Evocations     | 1 2 3 |  3.1
Conjurations   | 1 2 |  2.5
Hexes          | 1 2 |  2.5
Summonings     | 1 2 |  2.5
Necromancy     | 1 2 |  2.5
Translocations | 1 2 |  2.5
Transmutations | 1 2 |  2.5
Fire Magic     | 1 2 |  2.5
Ice Magic      | 1 2 |  2.5
Air Magic      | 1 2 |  2.5
Earth Magic    | 1 2 |  2.5
Poison Magic   | 1 2 |  2.5
Maces & Flails | 5 |  5.6
Fighting       | 7 |  7.3
Armour         | 7 |  7.3
Shields        | 7 |  7.3

Action                   |  1- 3 |  4- 6 |  7- 9 || total
-------------------------+-------+-------+-------++-------
Melee: Flail             |    56 |       |       ||    56
       Bite              |     4 |     5 |    13 ||    22
       Mace              |     2 |    36 |       ||    38
       Quarterstaff      |       |   105 |   197 ||   302
 Cast: Pain              |       |    27 |     7 ||    34
  Use: Scroll            |     4 |     4 |       ||     8
       Potion            |       |       |     1 ||     1
 Stab: Paralysed         |       |     1 |     2 ||     3
Armor: Scale mail        |    25 |    68 |   112 ||   205
Dodge: Dodged            |    28 |    55 |    75 ||   158
Block: Kite shield       |    36 |    26 |       ||    62

Table legend: (Time is in decaauts)
 A = Elapsed time spent in this place.
 B = Non-inter-level travel time spent in this place.
 C = Inter-level travel time spent in this place.
 D = Time resting spent in this place.
 E = Time spent auto-exploring this place.
 F = Levels seen in this place.
 G = Mean time per level.
                   A        B        C        D        E       F      G
               +--------+--------+--------+--------+--------+-----+--------+
         Total |   4738 |   4668 |     70 |    282 |   3046 |   5 |  947.6 |
       Dungeon |   3858 |   3788 |     70 |     90 |   2695 |   4 |  964.5 |
       Ossuary |    879 |    879 |      0 |    192 |    351 |   1 |  879.0 |
               +--------+--------+--------+--------+--------+-----+--------+

Top non-repeatable levels by time:
     D:3: 1372 daAuts
     D:2: 901 daAuts
 Ossuary: 879 daAuts
     D:4: 813 daAuts
     D:1: 770 daAuts
